[Event "Titled Tuesday Blitz June 14 Late 2022"]
[White "Dardha, Daniel"]
[Black "Bluebaum, Matthias"]
[WhiteFideId "240990"]
[BlackFideId "24651516"]
[WhiteElo "2482"]
[BlackElo "2556"]
[Result "1-0"]
[Round "03"]
[TimeControl "180+1"]
[Date "2022.06.14"]
[WhiteClock "0:00:38"]
[BlackClock "0:01:12"]

1. d4 Nf6 2. c4 e6 3. Nc3 d5 4. Nf3 Bb4 5. cxd5 exd5 6. Bg5 h6 7. Bh4 O-O 8. e3 Bf5 9. Qb3 Bxc3+ 10. bxc3 Nbd7 11. Be2 c5 12. dxc5 g5 13. Nd4 Bg6 14. c6 bxc6 15. Nxc6 Qe8 16. Bg3 Nc5 17. Qb5 Nfe4 18. c4 a6 19. Qb6 dxc4 20. Bxc4 Kh7 21. Nd4 Qa4 22. Be2 Nd7 23. Qb2 Qa5+ 24. Kf1 Rac8 25. f3 Nxg3+ 26. hxg3 Qe5 27. Kf2 Rfe8 28. Qa3 Nf6 29. Rac1 Rcd8 30. Nc6 Ne4+ 31. fxe4 Qf6+ 32. Kg1 Rd2 33. Nd4 Rxe4 34. Qf8 h5 35. Rf1 Qg7 36. Qxg7+ Kxg7 37. Bxh5 Rxe3 38. Bxg6 fxg6 39. Nf3 Rxa2 40. Nxg5 Rxg3 41. Ne6+ Kg8 42. Rf8# 1-0


[Site "https://www.chess.com"]

[Event "Titled Tuesday Blitz June 14 Late 2022"]
[White "Deac, Bogdan-Daniel"]
[Black "Artemenko, Oleg"]
[WhiteFideId "1226380"]
[BlackFideId "14201798"]
[WhiteElo "2648"]
[BlackElo "2287"]
[Result "0-1"]
[Round "03"]
[TimeControl "180+1"]
[Date "2022.06.14"]
[WhiteClock "0:00:01"]
[BlackClock "0:00:21"]

1. e4 e6 2. Qe2 Be7 3. e5 d5 4. exd6 cxd6 5. d4 Nf6 6. Nf3 O-O 7. g3 Nbd7 8. Bg2 Rb8 9. c4 a6 10. Bf4 Nh5 11. Be3 b5 12. c5 dxc5 13. dxc5 Bb7 14. Qc2 Qa5+ 15. Nbd2 Rfc8 16. O-O Nxc5 17. Rfc1 Ne4 18. Qb3 Nxd2 19. Bxd2 Qb6 20. Be3 Bc5 21. Rxc5 Rxc5 22. Qb4 Rbc8 23. Rd1 h6 24. a4 a5 25. Bxc5 Rxc5 26. Qb3 Bd5 27. Qe3 Nf6 28. b4 axb4 29. a5 Qc7 30. a6 Rc3 31. Qd4 Rc4 32. Qe3 Ng4 33. Qd2 Rc2 34. Qxb4 Rxf2 0-1


[Site "https://www.chess.com"]

[Event "Titled Tuesday Blitz June 14 Late 2022"]
[White "Dubov, Daniil"]
[Black "Vasquez Schroeder, Rodrigo"]
[WhiteFideId "24126055"]
[BlackFideId "3400042"]
[WhiteElo "2791"]
[BlackElo "2567"]
[Result "0-1"]
[Round "03"]
[TimeControl "180+1"]
[Date "2022.06.14"]
[WhiteClock "0:00:06"]
[BlackClock "0:00:35"]

1. c4 c5 2. Nf3 Nf6 3. Nc3 e6 4. g3 b6 5. Bg2 Bb7 6. O-O a6 7. Re1 d6 8. e4 Be7 9. d4 cxd4 10. Nxd4 Qc7 11. b3 O-O 12. Bb2 Nbd7 13. Rc1 Rac8 14. h3 Rfe8 15. Qe2 Bf8 16. Kh2 Qb8 17. Rcd1 Ba8 18. f4 Red8 19. Rf1 g6 20. f5 Re8 21. fxe6 fxe6 22. e5 dxe5 23. Nf3 Bg7 24. Ng5 Bxg2 25. Qxg2 Rcd8 26. Nce4 Nxe4 27. Nxe4 Nc5 28. b4 Rxd1 29. Rxd1 Nxe4 30. Qxe4 Rd8 31. Rxd8+ Qxd8 32. Bc3 Qd1 33. Kg2 b5 34. c5 Kf7 35. Be1 Qd5 36. Kf3 Bf6 37. Bf2 h5 38. h4 Ke7 39. a3 Kd7 40. Ke3 Qb3+ 41. Qd3+ Qd5 42. Qxg6 Be7 43. Qxh5 Qb3+ 44. Ke2 Qa2+ 45. Kf1 Qxa3 46. Qg4 Qc1+ 47. Kg2 Qd2 48. h5 Qd5+ 49. Kh2 e4 50. h6 Bf6 51. Qg6 Qf5 52. Qxf5 exf5 53. Be3 a5 54. bxa5 Kc6 55. Kg2 b4 56. a6 b3 57. Bc1 b2 58. Bxb2 Bxb2 59. a7 Kb7 60. Kf2 Bd4+ 61. Ke2 Kxa7 62. h7 Kb7 63. h8=Q Bxh8 64. Ke3 Be5 65. g4 fxg4 66. Kxe4 Bc7 0-1


[Site "https://www.chess.com"]

[Event "Titled Tuesday Blitz June 14 Late 2022"]
[White "Estrada Nieto, Julian"]
[Black "Guzman, Christopher"]
[WhiteFideId "5101018"]
[BlackFideId "6405096"]
[WhiteElo "2252"]
[BlackElo "2244"]
[Result "0-1"]
[Round "03"]
[TimeControl "180+1"]
[Date "2022.06.15"]
[WhiteClock "0:00:09"]
[BlackClock "0:00:46"]

1. e4 c6 2. d4 d5 3. Nc3 dxe4 4. Nxe4 Nf6 5. Nxf6+ exf6 6. c3 Bd6 7. Bd3 O-O 8. Ne2 Re8 9. Qc2 h5 10. h3 Nd7 11. Bd2 Nf8 12. O-O h4 13. c4 Be6 14. Rad1 Qd7 15. f4 f5 16. Nc3 g6 17. d5 Bc5+ 18. Kh1 cxd5 19. cxd5 Bxd5 20. Nxd5 Qxd5 21. Bb5 Rec8 22. Bc4 Qc6 23. Qb3 Rc7 24. Ba5 Bb6 25. Bd5 Qc2 26. Bxf7+ Kh7 27. Bc3 Qxb3 28. Bxb3 Re7 29. Be5 Bc7 30. Bf6 Re2 31. Bxh4 Rxb2 32. Rde1 Bd6 33. Be7 Bxe7 34. Rxe7+ Kh6 35. Rxb7 a5 36. Re1 a4 37. Bd5 Rxb7 38. Bxb7 Rb8 39. Bf3 Rb2 40. Re2 Rb4 41. g3 Nd7 42. Kg2 Nc5 43. Re7 Rb2+ 44. Re2 Rb4 45. Rc2 Nd3 46. Rc8 Rb2+ 47. Kg1 Rxa2 48. Rd8 Nb4 49. g4 fxg4 50. hxg4 Kg7 51. g5 Rb2 52. Rd7+ Kf8 53. Be4 a3 54. Ra7 a2 55. Bxg6 Nc2 56. Bxc2 Rxc2 57. Kf1 Rb2 58. Ke1 Rb1+ 59. Kf2 a1=Q 60. Rxa1 Rxa1 61. Kf3 Kf7 62. Kg4 Ra5 63. Kh5 Kg7 64. Kg4 Kg6 65. Kf3 Kf5 66. Ke3 Ra3+ 67. Kd4 Rg3 68. g6 Rxg6 69. Ke3 Re6+ 70. Kd4 Re4+ 71. Kd5 Kxf4 72. Kd6 Re5 73. Kd7 Kf5 74. Kd6 Kf6 75. Kd7 Re6 76. Kd8 Re7 77. Kc8 Ke6 78. Kd8 Kd6 79. Kc8 Rf7 80. Kb8 Kc6 81. Ka8 Kb6 82. Kb8 Rf8# 0-1


[Site "https://www.chess.com"]

[Event "Titled Tuesday Blitz June 14 Late 2022"]
[White "Florescu, Codrut-Constantin"]
[Black "Yurasova, Daria"]
[WhiteFideId "1202200"]
[BlackFideId "34146919"]
[WhiteElo "2191"]
[BlackElo "2021"]
[Result "1-0"]
[Round "03"]
[TimeControl "180+1"]
[Date "2022.06.15"]
[WhiteClock "0:00:13"]
[BlackClock "0:00:05"]

1. d4 d5 2. Nf3 Nf6 3. c4 dxc4 4. e3 e6 5. Bxc4 a6 6. a4 c5 7. O-O Nc6 8. Nc3 Be7 9. Qe2 cxd4 10. exd4 O-O 11. Rd1 Bd7 12. Bg5 Nb4 13. Ne5 Bc6 14. Nxc6 bxc6 15. Rac1 a5 16. Bf4 Nbd5 17. Be5 Qb6 18. b3 Rad8 19. Rd3 Nxc3 20. Rdxc3 Nd5 21. Rh3 Bf6 22. Qh5 h6 23. Qg4 Bxe5 24. dxe5 Kh8 25. Rg3 Rg8 26. Qe4 Ne7 27. Rf3 Nf5 28. g4 Rd4 29. Qe2 Rxg4+ 30. Kh1 Nd4 31. Qe3 Nxf3 32. Qxb6 Nxe5 33. Be2 Re4 34. Rc2 Ng6 35. Qxc6 Re5 36. Qc7 Rf5 37. Bd3 Rf6 38. Bxg6 Rxg6 39. Qxf7 Rf6 40. Qc7 Rf5 41. Kg2 Rgf8 42. Qd7 Rg5+ 43. Kf1 Rf3 44. Qxe6 Rgf5 45. Qe8+ Kh7 46. Qe4 Rf4 47. Qd3 Rf3 48. Qe2 Rxb3 49. Kg2 Rb4 50. Qd3 Rg4+ 51. Kf1 Rf4 52. Rc5 Kg6 53. Rxf5 Rxf5 54. f4 Kf6 55. Qd6+ Kf7 56. Ke2 g6 57. Ke3 Rf6 58. Qd5+ Re6+ 59. Kf3 Kf6 60. Qxa5 Rd6 61. Qe5+ 1-0


[Site "https://www.chess.com"]

[Event "Titled Tuesday Blitz June 14 Late 2022"]
[White "Goncalves, Davi Sulzbacher"]
[Black "Hernandez Bermudez, Ulises Eduardo"]
[WhiteFideId "2154510"]
[BlackFideId "3902510"]
[WhiteElo "2107"]
[BlackElo "2056"]
[Result "1/2-1/2"]
[Round "03"]
[TimeControl "180+1"]
[Date "2022.06.15"]
[WhiteClock "0:00:17"]
[BlackClock "0:00:18"]

1. d4 Nf6 2. c4 g6 3. Nc3 Bg7 4. e4 d6 5. Nf3 O-O 6. Be2 e5 7. O-O Nc6 8. d5 Ne7 9. b4 Nh5 10. g3 h6 11. a4 f5 12. Ba3 f4 13. c5 Nf6 14. b5 g5 15. Qb3 Ng6 16. Nd2 g4 17. Nc4 f3 18. Bd3 Ne8 19. Rfd1 Qf6 20. a5 h5 21. b6 axb6 22. axb6 dxc5 23. bxc7 Nxc7 24. Bxc5 Rxa1 25. Rxa1 Re8 26. Bb6 Na6 27. Ne3 h4 28. Kf1 hxg3 29. hxg3 Qg5 30. Ke1 Nf4 31. Bb5 Ng2+ 32. Kd2 Rf8 33. d6+ Kh8 34. Rh1+ Bh6 35. d7 Bxd7 36. Bxd7 Qf6 37. Qe6 Qxe6 38. Bxe6 Rf6 39. Bxg4 Rxb6 40. Bxf3 Nxe3 41. fxe3 Kg7 42. Nd5 Rb2+ 43. Kc3 Rf2 44. Bg4 Nc5 45. Bf5 b5 46. Rb1 Rf3 47. Rxb5 Bxe3 48. Nxe3 Rxe3+ 49. Kc4 Nxe4 50. Rxe5 Nd2+ 51. Kd5 Rxe5+ 52. Kxe5 Nf3+ 53. Kf4 Nd4 54. Bg4 Kf6 55. Ke4 Nc6 56. Be2 Ne5 57. Kf4 Ng6+ 58. Ke4 Ne5 59. Bd1 Nc4 60. Kf4 Ne5 61. Be2 Nf7 62. g4 Ng5 63. Bd3 Ne6+ 64. Kg3 Kg5 65. Kf3 Nd4+ 66. Kg3 Ne6 67. Bf5 Nf4 68. Kf3 Nd5 69. Be4 Nf6 70. Bf5 Nxg4 1/2-1/2


[Site "https://www.chess.com"]

[Event "Titled Tuesday Blitz June 14 Late 2022"]
[White "Hambleton, Aman"]
[Black "Kollars, Dmitrij"]
[WhiteFideId "2606577"]
[BlackFideId "12909572"]
[WhiteElo "2552"]
[BlackElo "2584"]
[Result "0-1"]
[Round "03"]
[TimeControl "180+1"]
[Date "2022.06.14"]
[WhiteClock "0:00:02"]
[BlackClock "0:01:28"]

1. b3 e5 2. Bb2 Nc6 3. e3 Nf6 4. c4 g6 5. Nc3 Bg7 6. Nf3 O-O 7. Be2 e4 8. Ng5 h6 9. Nh3 d5 10. cxd5 Nxd5 11. Qc2 Ndb4 12. Qb1 Bxh3 13. gxh3 Ne5 14. Qxe4 Nbd3+ 15. Bxd3 Nxd3+ 16. Ke2 Nxb2 17. Qc2 Qd7 18. Qxb2 Rad8 19. Qc2 Qxh3 20. Rag1 Rd7 21. Rg3 Qh5+ 22. Kf1 Rfd8 23. d4 c5 24. Ne2 cxd4 25. exd4 Bxd4 26. Nxd4 Rxd4 27. Kg2 Qd5+ 28. Kh3 Rh4+ 29. Kxh4 Qh5# 0-1


[Site "https://www.chess.com"]

[Event "Titled Tuesday Blitz June 14 Late 2022"]
[White "Holt, Conrad"]
[Black "Romanchuk, Viktor"]
[WhiteFideId "2034387"]
[BlackFideId "14109271"]
[WhiteElo "2586"]
[BlackElo "2242"]
[Result "1-0"]
[Round "03"]
[TimeControl "180+1"]
[Date "2022.06.14"]
[WhiteClock "0:00:08"]
[BlackClock "0:00:08"]

1. d4 d5 2. c4 c6 3. Nc3 Nf6 4. e3 e6 5. Bd3 Nbd7 6. e4 dxe4 7. Nxe4 c5 8. Nf3 Nxe4 9. Bxe4 Nf6 10. Bc2 cxd4 11. O-O Bc5 12. Bg5 h6 13. Bh4 b6 14. Ne5 Bb7 15. Ba4+ Ke7 16. Bc6 Qc7 17. Bg3 Bd6 18. Bxb7 Qxb7 19. Qxd4 Bc5 20. Qc3 Rhd8 21. Rad1 a5 22. Nd3 Bd4 23. Qa3+ Ke8 24. c5 bxc5 25. Nxc5 Qb4 26. Qxb4 axb4 27. Nd3 Rxa2 28. Nxb4 Ra4 29. Nc6 Rd5 30. b3 Ra8 31. Rxd4 Rc8 32. Rxd5 Nxd5 33. Nd4 Rc3 34. Rd1 Nb4 35. h4 Nd5 36. Kh2 g6 37. Rd2 Ke7 38. Rb2 Rd3 39. Nf3 f6 40. b4 Kd7 41. b5 Nb6 42. Nd2 e5 43. Ne4 Kc8 44. Nxf6 Nc4 45. Rc2 1-0


[Site "https://www.chess.com"]

[Event "Titled Tuesday Blitz June 14 Late 2022"]
[White "Ibarra Jerez, Jose Carlos"]
[Black "Omariev, Maksim"]
[WhiteFideId "2226332"]
[BlackFideId "4193423"]
[WhiteElo "2628"]
[BlackElo "2495"]
[Result "1-0"]
[Round "03"]
[TimeControl "180+1"]
[Date "2022.06.15"]
[WhiteClock "0:00:33"]
[BlackClock "0:00:01"]

1. e4 c5 2. Nc3 d6 3. d4 cxd4 4. Qxd4 a6 5. b3 Nc6 6. Qd2 g6 7. Bb2 Bg7 8. O-O-O Nf6 9. f3 h5 10. Kb1 Qa5 11. Nge2 Bd7 12. Nd5 Qxd2 13. Rxd2 Rc8 14. Nxf6+ Bxf6 15. Bxf6 exf6 16. Rxd6 Ke7 17. Rd2 f5 18. Nc3 fxe4 19. Nd5+ Kd8 20. Nf6 Rc7 21. Nxe4 Ke7 22. Bc4 b5 23. Bd5 Nb4 24. Re1 Kf8 25. Ng5 Nxd5 26. Rxd5 Bf5 27. Re2 Kg7 28. Kb2 Rhc8 29. Rdd2 f6 30. Ne6+ Bxe6 31. Rxe6 Rc6 32. Rd7+ Kh6 33. Rxc6 Rxc6 34. Rd4 Kg5 35. c4 h4 36. Kc3 f5 37. Kb4 bxc4 38. bxc4 Re6 39. Rd2 Kf4 40. c5 Ke3 41. Rd6 Re8 42. Rxg6 1-0


[Site "https://www.chess.com"]

[Event "Titled Tuesday Blitz June 14 Late 2022"]
[White "Injac, Teodora"]
[Black "Sarana, Alexey"]
[WhiteFideId "932400"]
[BlackFideId "24133795"]
[WhiteElo "2278"]
[BlackElo "2666"]
[Result "1-0"]
[Round "03"]
[TimeControl "180+1"]
[Date "2022.06.14"]
[WhiteClock "0:00:32"]
[BlackClock "0:00:07"]

1. Nf3 d5 2. g3 g6 3. Bg2 Bg7 4. d4 c6 5. O-O Nf6 6. c4 dxc4 7. a4 Ne4 8. Nc3 Nd6 9. e4 Bg4 10. Be3 Qc8 11. Re1 O-O 12. Qc2 Na6 13. Ne5 Bh3 14. Qe2 Bxg2 15. Kxg2 Qe6 16. Bf4 Nb4 17. Rad1 Rad8 18. d5 cxd5 19. exd5 Qc8 20. h4 h5 21. Qf3 Qf5 22. Nb5 Rc8 23. Nd4 Qf6 24. Nd7 Qxd4 25. Rxd4 Bxd4 26. Nxf8 Kxf8 27. Bh6+ Ke8 28. Bg5 Nf5 29. Bxe7 Nd3 30. Re2 Kd7 31. d6 Rc6 32. Qd5 Nxd6 33. Bxd6 Rxd6 34. Qxf7+ Kc6 35. Qxc4+ Bc5 36. Qb5+ Kc7 37. Re7+ Kd8 38. Qe8# 1-0


[Site "https://www.chess.com"]

[Event "Titled Tuesday Blitz June 14 Late 2022"]
[White "Ivanisevic, Ivan"]
[Black "Svane, Rasmus"]
[WhiteFideId "912417"]
[BlackFideId "4657101"]
[WhiteElo "2535"]
[BlackElo "2674"]
[Result "0-1"]
[Round "03"]
[TimeControl "180+1"]
[Date "2022.06.14"]
[WhiteClock "0:00:02"]
[BlackClock "0:00:23"]

1. d4 d5 2. c4 e6 3. Nf3 a6 4. cxd5 exd5 5. Nc3 Nf6 6. g3 Be7 7. Bg2 O-O 8. O-O c6 9. h3 Re8 10. Bf4 h6 11. Qc2 Be6 12. Rad1 Nbd7 13. g4 Nf8 14. e3 Ng6 15. Bg3 Bd6 16. Ne5 Nf8 17. f4 Qe7 18. Qf2 Rad8 19. Bh4 Rc8 20. e4 Qd8 21. f5 Bd7 22. exd5 Be7 23. dxc6 Bxc6 24. d5 Bb5 25. Nxb5 axb5 26. Nd3 N8h7 27. Kh1 Ng5 28. Bxg5 hxg5 29. a3 Bd6 30. Bf3 Bb8 31. Rfe1 Qd6 32. Rxe8+ Rxe8 33. Qg2 Re3 34. Ne1 Qe5 35. Qf2 Ne4 36. Bxe4 Rxh3+ 0-1


[Site "https://www.chess.com"]

[Event "Titled Tuesday Blitz June 14 Late 2022"]
[White "Ivic, Velimir"]
[Black "Daggupati, Balaji"]
[WhiteFideId "950122"]
[BlackFideId "2090759"]
[WhiteElo "2610"]
[BlackElo "2716"]
[Result "1-0"]
[Round "03"]
[TimeControl "180+1"]
[Date "2022.06.14"]
[WhiteClock "0:00:02"]
[BlackClock "0:00:02"]

1. e4 c5 2. Nf3 e6 3. d4 cxd4 4. Nxd4 Nf6 5. Nc3 Nc6 6. Nxc6 bxc6 7. e5 Nd5 8. Ne4 Qc7 9. f4 Qb6 10. c4 Ne3 11. Qd3 Nf5 12. Be2 Bb7 13. Bd2 Be7 14. O-O-O O-O-O 15. g4 Nd4 16. Bc3 c5 17. Kb1 d5 18. exd6 Bxd6 19. Rhf1 Bc7 20. Qe3 h6 21. Bd3 Rhe8 22. Ng3 e5 23. f5 e4 24. Nxe4 Re7 25. g5 hxg5 26. f6 gxf6 27. Qh3+ f5 28. Nxg5 Kb8 29. Bxf5 Nxf5 30. Qxf5 Rxd1+ 31. Rxd1 a6 32. Ka1 Re2 33. h4 Rh2 34. Nxf7 Rxh4 35. Ne5 Qd6 36. Nd7+ Ka7 37. Qb1 Qc6 38. Ne5 Bxe5 39. Bxe5 Rxc4 40. Bc3 Rg4 41. Qc1 Qe4 42. Qd2 Qd5 43. Qe1 Qe4 44. Qf2 Qc4 45. a3 Qb5 46. Rc1 Rc4 47. Qe3 Qb3 48. Qe7 Qb5 49. Rd1 Qb3 50. Rd7 Qb5 51. Rc7 Rg4 52. Qe1 Qb3 53. Be5 Qb5 54. Rf7 Rc4 55. Rf8 Re4 56. Bb8+ Kb6 57. Qg3 Re6 58. Qc7# 1-0


[Site "https://www.chess.com"]

[Event "Titled Tuesday Blitz June 14 Late 2022"]
[White "Janaszak, Dawid"]
[Black "Fishbein, Mitch"]
[WhiteFideId "1119206"]
[BlackFideId "30922917"]
[WhiteElo "2199"]
[BlackElo "1939"]
[Result "1-0"]
[Round "03"]
[TimeControl "180+1"]
[Date "2022.06.15"]
[WhiteClock "0:00:49"]
[BlackClock "0:00:03"]

1. e4 Nf6 2. e5 Nd5 3. d4 d6 4. Nf3 g6 5. Bc4 Nb6 6. Bb3 Bg7 7. Qe2 O-O 8. h3 c5 9. dxc5 dxc5 10. Nbd2 Nc6 11. O-O Bf5 12. Re1 Qc7 13. Nc4 Nxc4 14. Bxc4 Rad8 15. Bf4 Be6 16. Bxe6 fxe6 17. Bg3 Rd5 18. Rad1 Rfd8 19. c3 Rxd1 20. Rxd1 Rxd1+ 21. Qxd1 Nxe5 22. Bxe5 Bxe5 23. Qe2 Bf6 24. Qxe6+ Kg7 25. g3 Qd6 26. Qe4 b6 27. Kg2 e6 28. Qb7+ Qe7 29. Qxe7+ Bxe7 30. Ne5 Bd6 31. Nc6 a6 32. f4 Kf6 33. Kf3 e5 34. Ke4 exf4 35. gxf4 Ke6 36. b4 cxb4 37. cxb4 b5 38. Nd4+ Kd7 39. a3 Kc7 40. f5 gxf5+ 41. Nxf5 Bf8 42. Kd5 a5 43. bxa5 Bxa3 44. Nd4 b4 45. Kc4 Kb7 46. Kb5 Bb2 47. Nc6 b3 48. a6+ Ka8 49. Kc4 Bf6 50. Kxb3 h5 51. Kc4 Bh4 52. Kd5 Bg3 53. Ke4 h4 54. Kf5 Be1 55. Ke6 Bg3 56. Kd7 Be1 57. Kc8 Bg3 58. Kd7 Bf2 59. Ke6 Bg3 60. Kf5 Bf2 61. Kg4 Bg3 62. Nd4 Ka7 63. Nf5 Be1 64. Nxh4 Kxa6 65. Nf3 Bc3 66. h4 Kb6 67. Kf5 Kc6 68. Ne5+ Kd6 69. Ng6 Bb2 70. h5 Kd7 71. h6 Ke8 72. Ke6 Bc3 73. h7 Bb2 74. Ne5 1-0


[Site "https://www.chess.com"]

[Event "Titled Tuesday Blitz June 14 Late 2022"]
[White "Kadric, Denis"]
[Black "Perera Alfonso, Rene Humberto"]
[WhiteFideId "14403803"]
[BlackFideId "3514722"]
[WhiteElo "2657"]
[BlackElo "2313"]
[Result "1/2-1/2"]
[Round "03"]
[TimeControl "180+1"]
[Date "2022.06.15"]
[WhiteClock "0:00:26"]
[BlackClock "0:00:21"]

1. e4 c5 2. Nc3 d6 3. f4 Nf6 4. Nf3 g6 5. Bb5+ Bd7 6. Bc4 Nc6 7. d3 Bg7 8. e5 Ng4 9. Ng5 Nh6 10. e6 fxe6 11. Nxe6 Bxe6 12. Bxe6 Nd4 13. Bd5 Qd7 14. a4 e6 15. Ba2 d5 16. O-O O-O 17. Ne2 Rae8 18. c3 Nxe2+ 19. Qxe2 Nf5 20. Bd2 Kh8 21. Kh1 Qd8 22. g3 d4 23. Bc4 e5 24. Qg2 exf4 25. Rxf4 Ne3 26. Bxe3 Rxe3 27. Rxf8+ Qxf8 28. Rf1 Qe8 29. Qxb7 dxc3 30. bxc3 Re1 31. Kg2 Rxf1 32. Kxf1 Bxc3 33. Qf3 Qe1+ 34. Kg2 Qd2+ 35. Qf2 Qxf2+ 36. Kxf2 Kg7 37. Kf3 Kf6 38. Ke4 a5 39. Kd5 Bb4 40. Kc6 h5 41. Kd5 Kf5 42. Bb5 Kg4 43. Bd7+ Kf3 44. Be8 Kg2 45. Bxg6 Kxh2 46. Bxh5 Kxg3 47. Kc4 Kf4 48. Be8 Ke3 49. Bb5 Kf4 50. Bc6 Ke3 51. Bb5 Kd2 52. Bc6 Ke3 53. Bb5 1/2-1/2


[Site "https://www.chess.com"]

[Event "Titled Tuesday Blitz June 14 Late 2022"]
[White "Kalajzic, Ivan"]
[Black "Harsh Suresh"]
[WhiteFideId "14506378"]
[BlackFideId "45018464"]
[WhiteElo "2163"]
[BlackElo "2059"]
[Result "1/2-1/2"]
[Round "03"]
[TimeControl "180+1"]
[Date "2022.06.15"]
[WhiteClock "0:00:07"]
[BlackClock "0:00:05"]

1. b3 d5 2. Bb2 Bg4 3. f3 Bh5 4. e4 dxe4 5. Qe2 c6 6. Nc3 exf3 7. Nxf3 e6 8. O-O-O Nf6 9. h3 Be7 10. g4 Bg6 11. Ne5 Nbd7 12. d4 a5 13. h4 h6 14. Nxg6 fxg6 15. Qxe6 Nf8 16. Qe2 Qd7 17. Bh3 g5 18. Rhe1 Ng6 19. Ba3 Kd8 20. Bxe7+ Nxe7 21. Ne4 Nxe4 22. Qxe4 Nd5 23. Qf3 a4 24. c4 Nf4 25. Bf1 axb3 26. axb3 Qd6 27. Qc3 Qa3+ 28. Qb2 Qxb2+ 29. Kxb2 Kd7 30. h5 Rae8 31. Kc3 Rxe1 32. Rxe1 Rf8 33. c5 Nd5+ 34. Kc4 Rf3 35. Bd3 Ne3+ 36. Kc3 Nxg4 37. Kd2 Nf6 38. Bc4 Rf4 39. Kd3 Nxh5 40. Be6+ Kd8 41. d5 cxd5 42. Bxd5 Nf6 43. Bxb7 Rb4 44. c6 Rxb3+ 45. Kc4 Rb2 46. Kc5 Rc2+ 47. Kd6 Rd2+ 48. Kc5 Ne8 49. Rxe8+ Kxe8 50. c7 Rc2+ 51. Kd6 Kf7 52. c8=Q Rxc8 53. Bxc8 h5 54. Ke5 Kg6 55. Bf5+ Kf7 56. Ke4 Kf6 57. Bc8 g4 58. Kf4 g6 59. Bd7 Ke7 60. Bc8 Kf6 61. Bd7 Ke7 62. Bc8 Kd6 63. Ba6 Kd5 64. Bd3 Kd4 65. Bxg6 h4 66. Kxg4 h3 67. Kxh3 1/2-1/2


[Site "https://www.chess.com"]

[Event "Titled Tuesday Blitz June 14 Late 2022"]
[White "Kim, Sergey"]
[Black "Titichoca Daza, Daniel"]
[WhiteFideId "13700570"]
[BlackFideId "3309550"]
[WhiteElo "2582"]
[BlackElo "1912"]
[Result "0-1"]
[Round "03"]
[TimeControl "180+1"]
[Date "2022.06.15"]
[WhiteClock "0:00:04"]
[BlackClock "0:00:04"]

1. d4 g6 2. c4 Bg7 3. Nc3 d6 4. e4 Nf6 5. Nge2 O-O 6. Ng3 c5 7. d5 e6 8. Be2 a6 9. a4 h5 10. Bg5 exd5 11. cxd5 Re8 12. O-O Nbd7 13. f4 Qb6 14. Qd2 Nh7 15. Bh4 Ndf6 16. e5 Ng4 17. a5 Qc7 18. h3 Nh6 19. Bc4 Nf5 20. Nxf5 Bxf5 21. e6 Bd4+ 22. Bf2 fxe6 23. dxe6 Bxe6 24. Nd5 Qf7 25. Bxd4 Bxd5 26. Bxd5 Qxd5 27. Bc3 Qxd2 28. Bxd2 Nf6 29. f5 Ne4 30. Bc3 Ng3 31. Rfd1 Nxf5 32. g4 hxg4 33. hxg4 Nd4 34. Bxd4 cxd4 35. Rxd4 Re2 36. Rxd6 Rxb2 37. Rxg6+ Kh7 38. Rg5 Rc8 39. Rd1 Rcc2 40. Rd7+ Kh6 41. Rh5+ Kg6 42. Rd6+ Kf7 43. Rf5+ Ke7 44. Rg6 Rb1+ 45. Rf1 Rxf1+ 46. Kxf1 Kd7 47. g5 Rc5 48. Kf2 Rxa5 49. Kf3 Ra3+ 50. Kf4 Ra1 51. Rg8 b5 52. g6 Rg1 53. Kf5 a5 54. Ra8 a4 55. g7 Kc6 56. g8=Q Rxg8 57. Rxg8 Kc5 58. Ke4 Kc4 59. Rc8+ Kb3 60. Kd3 a3 61. Rc3+ Kb2 62. Rc2+ Kb1 63. Rc3 a2 64. Rb3+ Kc1 65. Ra3 Kb2 66. Ra5 b4 0-1


[Site "https://www.chess.com"]

[Event "Titled Tuesday Blitz June 14 Late 2022"]
[White "Korchmar, Vasiliy"]
[Black "Sjugirov, Sanan"]
[WhiteFideId "24131750"]
[BlackFideId "4189302"]
[WhiteElo "2370"]
[BlackElo "2602"]
[Result "1-0"]
[Round "03"]
[TimeControl "180+1"]
[Date "2022.06.14"]
[WhiteClock "0:00:06"]
[BlackClock "0:00:02"]

1. e4 c6 2. d4 d5 3. e5 Bf5 4. c4 e6 5. Nc3 Ne7 6. a3 dxc4 7. Bxc4 Nd7 8. Nge2 Nb6 9. Bd3 Bxd3 10. Qxd3 Nf5 11. O-O Be7 12. Be3 O-O 13. Rad1 Qd7 14. Ne4 Nd5 15. Bc1 Rad8 16. Qh3 Rc8 17. Rd3 Qd8 18. Rfd1 a5 19. b3 b6 20. Kh1 c5 21. dxc5 bxc5 22. N2g3 Nxg3+ 23. Rxg3 Kh8 24. Qg4 g6 25. Rh3 Qd7 26. Bg5 c4 27. Qh4 h5 28. g4 Bxg5 29. Qxg5 Qe7 30. Qh6+ Kg8 31. Ng5 f6 32. Qxg6+ Qg7 33. Qxg7+ Kxg7 34. Nxe6+ Kf7 35. Nxf8 c3 36. Nd7 c2 37. Rc1 Nf4 38. Re3 hxg4 39. exf6 Nd5 40. Re2 Nf4 41. Rexc2 Rd8 42. Ne5+ Kxf6 43. Nxg4+ Kf5 44. Ne3+ Ke4 45. Rc4+ Kf3 46. Rxf4+ Kxf4 47. Kg1 Kf3 48. Kf1 Rd3 49. Rb1 Rd2 50. Nd1 Ra2 51. b4 a4 52. b5 Rc2 53. b6 Rc8 54. b7 Rb8 55. Nc3 Rg8 56. b8=Q 1-0


[Site "https://www.chess.com"]

[Event "Titled Tuesday Blitz June 14 Late 2022"]
[White "Kosakowski, Jakub"]
[Black "Ferreira, Vitor Hugo Vieira"]
[WhiteFideId "1185080"]
[BlackFideId "2119765"]
[WhiteElo "2476"]
[BlackElo "2165"]
[Result "1/2-1/2"]
[Round "03"]
[TimeControl "180+1"]
[Date "2022.06.15"]
[WhiteClock "0:00:05"]
[BlackClock "0:00:06"]

1. e4 c5 2. Nf3 d6 3. d4 cxd4 4. Nxd4 Nf6 5. Nc3 a6 6. Bg5 e6 7. f4 Be7 8. Qf3 h6 9. Bh4 Qc7 10. O-O-O Nbd7 11. Be2 Rg8 12. Rhf1 g5 13. Bg3 gxf4 14. Qxf4 e5 15. Nd5 exf4 16. Nxc7+ Kd8 17. Nxa8 fxg3 18. h3 Nxe4 19. Nf5 Bg5+ 20. Kb1 Nd2+ 21. Rxd2 Bxd2 22. Nxd6 Ke7 23. Nf5+ Kd8 24. Nd6 Ke7 25. Rd1 Kxd6 26. Rxd2+ Ke7 27. Nc7 Nf6 28. Bf3 b5 29. Kc1 Rd8 30. Rxd8 Kxd8 31. Nd5 Bb7 32. Nf4 Bxf3 33. gxf3 Nd5 34. Ng2 f5 35. Kd2 f4 36. Kd3 Kd7 37. Kd4 Kd6 38. c3 h5 39. b3 Ne3 40. Nxf4 g2 41. Ne2 Nc2+ 42. Ke4 Ne1 43. f4 h4 44. Ke3 Kd5 45. f5 Ke5 46. Kf2 Nd3+ 47. Kxg2 Kxf5 48. Kf3 Ne5+ 49. Ke3 Ng6 50. Nd4+ Ke5 51. Nf3+ Kd5 52. a3 a5 53. Ng1 a4 54. c4+ Kc5 55. bxa4 bxa4 56. Kd3 Ne5+ 57. Kc3 Nxc4 58. Nf3 Nxa3 59. Nxh4 Nb5+ 60. Kb2 Nd6 61. Nf3 Ne4 62. h4 Nf6 63. Ka3 Kd5 64. Kxa4 Ke4 65. h5 Nxh5 1/2-1/2


[Site "https://www.chess.com"]

[Event "Titled Tuesday Blitz June 14 Late 2022"]
[White "Lagno, Kateryna"]
[Black "Karas, Marek"]
[WhiteFideId "14109336"]
[BlackFideId "14928558"]
[WhiteElo "2522"]
[BlackElo "2271"]
[Result "1/2-1/2"]
[Round "03"]
[TimeControl "180+1"]
[Date "2022.06.15"]
[WhiteClock "0:00:07"]
[BlackClock "0:00:15"]

1. e4 e6 2. d4 d5 3. Nd2 a6 4. Ngf3 c5 5. exd5 exd5 6. Bd3 Nf6 7. O-O Be7 8. dxc5 Bxc5 9. Re1+ Be7 10. Nb3 O-O 11. Nbd4 Bg4 12. h3 Bh5 13. Nf5 Nc6 14. Nxe7+ Nxe7 15. Bg5 Nc6 16. c3 Qd6 17. Bh4 Rfe8 18. Bg3 Qc5 19. Qc2 Bg6 20. Rad1 Ne4 21. Bf4 Rac8 22. a3 Qb6 23. Be3 Qc7 24. Nh4 Rcd8 25. Nxg6 hxg6 26. c4 Nf6 27. cxd5 Nxd5 28. Bg5 Rxe1+ 29. Rxe1 Nf6 30. Bxf6 gxf6 31. Bc4 Kg7 32. Ba2 Qd7 33. h4 Re8 34. Rxe8 Qxe8 35. Qc3 Ne5 36. Bd5 Qd7 37. Qb3 b5 38. g3 Qf5 39. Kg2 Nd3 40. f4 Nc5 41. Qd1 Nd3 42. Qb3 Nc5 43. Qd1 Qd7 44. Bf3 Qe7 45. Qe2 Qd6 46. h5 gxh5 47. Bxh5 Qd4 48. Bf3 Nd3 49. b3 Nc5 50. b4 Nd3 51. Be4 Nb2 52. Qg4+ Kf8 53. Qc8+ Kg7 54. Qg4+ Kf8 55. Qc8+ Kg7 56. Qg4+ 1/2-1/2


[Site "https://www.chess.com"]

[Event "Titled Tuesday Blitz June 14 Late 2022"]
[White "Le Goff, Ronan"]
[Black "Sanal, Vahap"]
[WhiteFideId "612073"]
[BlackFideId "6300545"]
[WhiteElo "2276"]
[BlackElo "2574"]
[Result "0-1"]
[Round "03"]
[TimeControl "180+1"]
[Date "2022.06.14"]
[WhiteClock "0:00:42"]
[BlackClock "0:01:49"]

1. d4 d6 2. e4 Nf6 3. Nc3 e5 4. Nf3 Nbd7 5. Bc4 Be7 6. a4 c6 7. O-O O-O 8. h3 h6 9. Re1 Re8 10. Ba2 exd4 11. Nxd4 Bf8 12. Bf4 Nc5 13. Qf3 Ne6 14. Nf5 Nxf4 15. Qxf4 Bxf5 16. Qxf5 Qb6 17. Bb3 Re5 18. Qf3 Rae8 19. Rad1 d5 20. Qe3 Bc5 21. Qf4 Nxe4 22. Nxe4 Rxe4 23. Rxe4 Rxe4 24. Qf5 g6 25. Qf3 Qc7 26. c4 Rf4 27. Qc3 Bxf2+ 28. Kh1 d4 29. Qd3 c5 30. Rf1 Be3 31. Bc2 Rxf1+ 32. Qxf1 Qg3 33. b3 Bf4 34. Kg1 Qh2+ 35. Kf2 Qg3+ 36. Kg1 b6 37. Qf3 Qe1+ 38. Qf1 Be3+ 0-1


[Site "https://www.chess.com"]